 Dungeon Crawl Stone Soup version 0.17-a0-2099-g910b1c6 (webtiles) character file.

4850 Lysie the Spry (level 10, -1/44 HPs)
             Began as a Spriggan Enchanter on Oct 17, 2015.
             Was an Elder of Okawaru.
             Killed by the air
             ... invoked by Gastronok
              (21 damage)
             ... on level 10 of the Dungeon on Oct 18, 2015.
             The game lasted 00:40:39 (10719 turns).

Lysie the Spry (Spriggan Enchanter)                Turns: 10719, Time: 00:40:39

Health: -1/44      AC:  5    Str:  6    XL:     10   Next: 25%
Magic:  2/15       EV: 32    Int: 17    God:    Okawaru [****..]
Gold:   416        SH:  0    Dex: 18    Spells: 4 memorised, 5 levels left

rFire  x . .     SeeInvis +     E - +3 rapier (holy)
rCold  + + .     Clarity  .     g - +2 robe {MR+}
rNeg   . . .     SustAt   .     (shield restricted)
rPois  .         Gourm    .     a - +1 hat {MR+}
rElec  .         Spirit   .     (no cloak)
rCorr  .         Warding  .     (gloves unavailable)
rMut   .         Stasis   .     (boots unavailable)
MR     +++..                    (no amulet)
Stlth  ++++......               y - ring of ice
                                h - ring of protection from cold

@: very quick, extremely resistant to hostile enchantments, stealthy
A: unfitting armour, see invisible, herbivore 3, speed 3, slow metabolism 2
a: Heroism, Renounce Religion


You were on level 10 of the Dungeon.
You worshipped Okawaru.
Okawaru was greatly pleased with you.
You were full.

You visited 2 branches of the dungeon, and saw 11 of its levels.

You collected 416 gold pieces.

Inventory:

Hand Weapons
 E - a +3 rapier of holy wrath (weapon)
 I - a +1 dagger of holy wrath
Missiles
 p - 13 arrows of dispersal
 q - 165 arrows
Armour
 a - a +1 hat of magic resistance (worn)
 g - a +2 robe of magic resistance (worn)
Jewellery
 b - an uncursed amulet of faith {unknown}
 h - a ring of protection from cold (left hand)
 y - a ring of ice (right hand)
 L - an uncursed amulet of guardian spirit {unknown}
Wands
 D - a wand of slowing (48)
Scrolls
 e - 5 scrolls of teleportation
 i - a scroll of immolation
 m - 2 scrolls of identify
 r - 7 scrolls of remove curse
 t - 2 scrolls of blinking {unknown}
 v - a scroll of magic mapping
 A - 2 scrolls of recharging
 F - a scroll of noise {unknown}
 K - a scroll of enchant weapon {unknown}
Potions
 f - a potion of berserk rage {unknown}
 j - a potion of curing
 k - 2 potions of haste
 l - 2 potions of magic
 n - a potion of might {unknown}
 s - 3 potions of invisibility
 u - 3 potions of resistance
 x - 2 potions of ambrosia {unknown}
 z - 2 potions of brilliance {unknown}
 G - 4 potions of flight
 H - a potion of poison {unknown}
Books
 c - a book of Maledictions

   Spells                             Type                      Level
   a - Corona                         Hexes                        1
   b - Ensorcelled Hibernation        Hexes/Ice                    2
   c - Confuse                        Hexes                        3
   d - Tukima's Dance                 Hexes                        3
   e - Dazzling Spray                 Conjuration/Hexes            3
 C - a book of the Warp

   Spells                             Type                      Level
   a - Recall                         Summoning/Translocation      3
   b - Gell's Gravitas                Hexes/Translocation          3
   c - Force Lance                    Conjuration/Translocation    4
   d - Phase Shift                    Translocation                5
   e - Warp Weapon                    Charms/Translocation         5
   f - Summon Forest                  Summoning/Translocation      5
 J - a book of Changes

   Spells                             Type                      Level
   a - Beastly Appendage              Transmutation                1
   b - Sticks to Snakes               Transmutation                2
   c - Spider Form                    Transmutation/Poison         3
   d - Ice Form                       Ice/Transmutation            4
   e - Blade Hands                    Transmutation                5
Comestibles
 d - 7 bread rations
 w - 3 royal jellies


   Skills:
 - Level 9.6 Short Blades
 + Level 15.4 Dodging
 + Level 5.6 Stealth
 - Level 2.6 Spellcasting
 * Level 6.2 Hexes


You had 5 spell levels left.
You knew the following spells:

 Your Spells              Type           Power        Failure   Level  Hunger
a - Corona                Hex            ###....      1%          1    #......
b - Ensorcelled Hibernat  Hex/Ice        ###...       10%         2    ##.....
c - Dazzling Spray        Conj/Hex       ##......     17%         3    ###....
d - Confuse               Hex            ###.....     6%          3    ###....


Dungeon Overview and Level Annotations

Branches:
Dungeon (10/15)            Temple (1/1) D:5            Lair (0/8) D:9
    Orc: D:9-12

Altars:
Ashenzari
Cheibriados
Dithmenos
Elyvilon
Fedhas
Gozag
Kikubaaqudgha
Makhleb
Nemelex Xobeh
Okawaru
Qazlal
Ru
Sif Muna
Trog
Vehumet
Xom
Yredelemnul
Zin
The Shining One

Shops:
D:4 %

Annotations:
D:10 Gastronok


Innate Abilities, Weirdness & Mutations

You are tiny and cannot use many weapons and most armour.
You have supernaturally acute eyesight.
You are a herbivore.
You cover ground extremely quickly.
You need consume almost no food.


Message History

There is a stone staircase leading up, spattered with blood here.
You climb upwards.
There is a stone staircase leading down here.
Read which item? (? for menu, Esc to quit)
Okay, then.
Drink which item? (? for menu, Esc to quit)
Okay, then.
You climb downwards.
There is a stone staircase leading up, spattered with blood here.
Read which item? (? for menu, Esc to quit)
As you read the scroll of fear, it crumbles to dust.
You assume a fearsome visage.
Gastronok looks frightened!
You hit Gastronok.
Your attack snaps Gastronok out of his fear.
Gastronok is moderately wounded.
You hit Gastronok.
Gastronok is moderately wounded.
Gastronok waves his eye-stalks in wide circles.
The air twists around and strikes you!
You die...

#........#
#........######
#.............
#...........#
#...........#
#...........#..#
#.............$#
#........######
#........#..@.#
..........#...w#
#..........'....#
#..........#....#
...........#.>..#
..........#....#
#......#.#....#
........#....#
$....$..#....#


You could see Gastronok.

Vanquished Creatures
  A queen bee (D:9)
  A troll (D:9)
  Prince Ribbit (D:6)
  A trapdoor spider zombie (D:8)
  3 yaks (D:9)
  Eustachio (D:4)
  A wolf (D:8)
  Grum (D:8)
  A water moccasin (D:8)
  An orc warrior (D:7)
  5 ogres
  2 phantoms
  A centaur (D:6)
  A necrophage (D:8)
  Blork the orc (D:4)
  A giant frog (D:8)
  11 killer bees (D:9)
  3 scorpions
  4 wights (D:7)
  4 crimson imps
  3 orc priests
  A jelly (D:8)
  A giant frog zombie (D:8)
  Crazy Yiuf (D:4)
  2 centaur skeletons (D:6)
  2 hounds
  4 orc wizards
  A quasit (D:9)
  An iguana (D:5)
  A giant frog skeleton (D:7)
  Terence (D:3)
  Natasha (thrice) (D:3)
  8 worker ants
  A killer bee zombie (D:8)
  A hound zombie (D:10)
  2 hound skeletons
  A worker ant zombie (D:6)
  A gnoll (D:7)
  4 river rats (D:7)
  15 adders
  A shadow imp (D:9)
  2 oozes
  A worm (D:2)
  4 giant geckos
  26 orcs
  5 giant cockroaches
  8 goblins
  9 hobgoblins
  11 jackals
  3 quokkas
  2 ball pythons
  5 bats
  5 giant newts
  A jackal skeleton (D:8)
  A jackal zombie (D:8)
  3 kobolds
  A quokka skeleton (D:4)
  7 rats
  3 plants (D:7)
197 creatures vanquished.

Vanquished Creatures (others)
  An orc warrior (D:8)
  An orc (D:8)
2 creatures vanquished.

Grand Total: 199 creatures vanquished

Notes
Turn   | Place    | Note
--------------------------------------------------------------
     0 | D:1      | Lysie the Spriggan Enchanter began the quest for the Orb.
     0 | D:1      | Reached XP level 1. HP: 9/9 MP: 5/5
     2 | D:1      | Noticed a draconian
     2 | D:1      | Noticed a merfolk
     4 | D:1      | Noticed a centaur
     4 | D:1      | Noticed a troll
     6 | D:1      | Noticed a human
     6 | D:1      | Noticed an octopode
     8 | D:1      | Noticed a felid
     8 | D:1      | Noticed a naga
    10 | D:1      | Noticed a dwarf
    12 | D:1      | Noticed a tengu
    12 | D:1      | Noticed a demigod
    14 | D:1      | Noticed a minotaur
    14 | D:1      | Noticed a vine stalker
    16 | D:1      | Noticed a gargoyle
    18 | D:1      | Noticed a ghoul
    20 | D:1      | Noticed a demonspawn
    22 | D:1      | Noticed a formicid
    24 | D:1      | Noticed an elf
    24 | D:1      | Noticed a vampire
    26 | D:1      | Noticed a spriggan
    26 | D:1      | Noticed an ogre
   326 | D:1      | Reached XP level 2. HP: 13/13 MP: 6/6
   330 | D:1      | Learned a level 2 spell: Ensorcelled Hibernation
  1057 | D:2      | Reached XP level 3. HP: 16/16 MP: 8/8
  1249 | D:2      | Reached XP level 4. HP: 15/21 MP: 9/9
  1408 | D:2      | Reached skill level 5 in Dodging
  1858 | D:3      | Noticed Terence
  1879 | D:3      | Killed Terence
  1890 | D:3      | Reached XP level 5. HP: 6/24 MP: 6/10
  2082 | D:3      | Noticed Natasha
  2095 | D:3      | Killed Natasha
  2095 | D:3      | Reached skill level 6 in Dodging
  2331 | D:3      | Noticed Natasha
  2337 | D:3      | Killed Natasha
  2425 | D:3      | Noticed Natasha
  2439 | D:3      | Killed Natasha
  2566 | D:4      | Noticed an ogre
  2575 | D:4      | Killed an ogre
  2575 | D:4      | Reached XP level 6. HP: 24/28 MP: 11/11
  2579 | D:4      | Reached skill level 7 in Dodging
  2643 | D:4      | Reached skill level 5 in Short Blades
  2957 | D:4      | Noticed Crazy Yiuf
  2963 | D:4      | Killed Crazy Yiuf
  3065 | D:4      | Noticed Eustachio
  3076 | D:4      | Killed Eustachio
  3076 | D:4      | Reached skill level 8 in Dodging
  3076 | D:4      | Reached XP level 7. HP: 32/32 MP: 9/12
  3143 | D:4      | Found Xaong's Food Boutique.
  3166 | D:4      | Noticed Blork the orc
  3208 | D:4      | Killed Blork the orc
  3432 | D:5      | Entered Level 5 of the Dungeon
  3593 | D:5      | Reached skill level 9 in Dodging
  3650 | D:5      | Found a staircase to the Ecumenical Temple.
  3697 | Temple   | Entered the Ecumenical Temple
  3765 | Temple   | Became a worshipper of Warmaster Okawaru
  4706 | D:6      | Reached skill level 10 in Dodging
  4706 | D:6      | Reached XP level 8. HP: 36/36 MP: 13/13
  4725 | D:6      | Noticed Prince Ribbit
  4731 | D:6      | Learned a level 3 spell: Dazzling Spray
  4736 | D:6      | Learned a level 3 spell: Confuse
  4747 | D:6      | Killed Prince Ribbit
  4747 | D:6      | Reached * piety under Okawaru
  5370 | D:7      | Reached skill level 11 in Dodging
  5427 | D:7      | Found a sparkling altar of Nemelex Xobeh.
  5428 | D:7      | Found a snail-covered altar of Cheibriados.
  5428 | D:7      | Found a glowing silver altar of Zin.
  5551 | D:7      | Reached ** piety under Okawaru
  5551 | D:7      | Reached skill level 12 in Dodging
  5675 | D:7      | Found a sparkling altar of Nemelex Xobeh.
  6077 | D:7      | Reached XP level 9. HP: 16/39 MP: 12/14
  6983 | D:8      | Noticed Gastronok
  7533 | D:8      | Noticed Grum
  7535 | D:8      | Found a blossoming altar of Fedhas.
  7871 | D:8      | Reached skill level 13 in Dodging
  7917 | D:8      | Killed Grum
  7917 | D:8      | Reached *** piety under Okawaru
  8573 | D:8      | Reached skill level 14 in Dodging
  8573 | D:8      | Reached skill level 5 in Hexes
  8871 | D:9      | Upgraded the game from 0.17-a0-2093-gc772f4b to 0.17-a0-2099-g910b1c6
  9073 | D:9      | Reached skill level 5 in Stealth
  9073 | D:9      | Reached XP level 10. HP: 28/44 MP: 15/15
  9289 | D:9      | Reached skill level 15 in Dodging
  9523 | D:9      | Found a staircase to the Lair.
  9540 | D:9      | Reached **** piety under Okawaru
  9934 | D:10     | Entered Level 10 of the Dungeon
 10719 | D:10     | Killed from afar by Gastronok

Vault maps used:
D:1:      kb_arrival_jail, grunt_decor_resistance
D:3:      uniq_natasha, uniq_terence
D:4:      first_bread, serial_shops, kennysheep_mini_moat, uniq_blork_the_orc,
          uniq_crazy_yiuf_cottage, uniq_eustachio
D:5:      temple_pool_b, serial_bayou_crossing
D:6:      uniq_prince_ribbit1
D:7:      wad_woods_stonehenge, grunt_temple_overflow_open, grunt_ogre_cave
D:8:      fedhas_altar_1, uniq_gastronok, uniq_grum
D:9:      lair_0_dummy, special_room, corexii_corridor_pit
D:10:     elyvilon_altar_4, uniq_joseph, uniq_fannar, uniq_snorg, uniq_psyche
Temple:   nicolae_temple_x_marks_the_god_16

Action                   |  1- 3 |  4- 6 |  7- 9 | 10-12 || total
-------------------------+-------+-------+-------+-------++-------
Melee: Short sword       |    73 |   132 |       |       ||   205
       Dagger            |     6 |       |       |       ||     6
       Rapier            |       |       |   586 |    99 ||   685
 Cast: Corona            |     1 |       |       |       ||     1
       Ensorcelled Hiber |       |     2 |    13 |     4 ||    19
       Dazzling Spray    |       |       |    13 |    20 ||    33
       Confuse           |       |       |    14 |     6 ||    20
Invok: Heroism           |       |       |     3 |     1 ||     4
  Use: Scroll            |       |       |    16 |     1 ||    17
       Potion            |       |       |     4 |     4 ||     8
 Stab: Sleeping          |     9 |    12 |    13 |     2 ||    36
       Distracted        |       |       |     3 |     2 ||     5
       Invisible         |       |       |     8 |     2 ||    10
       Confused          |       |       |     1 |     2 ||     3
  Eat: Fruit             |       |       |     4 |       ||     4
       Bread ration      |       |       |     1 |     2 ||     3
